 Seeded DCSS version 0.29.1-12-g30fa7ad0bf (webtiles) character file.

Game seed: 9845822215292249863 (custom seed)

77 hikkokomori the Conjurer (level 4, 27/27 HPs)
             Began as an Octopode Conjurer on Jan 8, 2023.
             Quit the game on level 2 of the Dungeon.
             The game lasted 00:02:48 (2066 turns).

hikkokomori the Conjurer (Octopode Conjurer)        Turns: 2066, Time: 00:02:49

Health: 27/27      AC:  1    Str:  6    XL:     4   Next: 33%
Magic:  7/7        EV: 28    Int: 22    God:
Gold:   2210       SH:  0    Dex: 10    Spells: 6/7 levels left

rFire   . . .      SeeInvis .   (no weapon)
rCold   . . .      Faith    .   (no shield)
rNeg    . . .      Spirit   .   (helmet restricted)
rPois   .          Reflect  .   f - amulet of the acrobat
rElec   .          Harm     .   g - ring of willpower
rCorr   .          Rampage  .   (no ring)
Will    +....                   (no ring)
Stlth   +++.......              (no ring)
HPRegen 0.09/turn               (no ring)
MPRegen 0.10/turn               (no ring)
                                (no ring)
                                (no ring)

@: acrobatic
A: almost no armour, amphibious, 8 rings, camouflage 1, gelatinous body 1,
(nimble swimmer 1), tentacles
a: no special abilities


You were on level 2 of the Dungeon.
You visited 1 branch of the dungeon, and saw 2 of its levels.

You collected 2210 gold pieces.

Inventory:

Armour
 d - the +2 hat of the Battered Things {Rampage rElec rPois Int-5}
   (You acquired it on level 2 of the Dungeon)

   Int:       It affects your intelligence (-5).
   rElec:     It insulates you from electricity.
   rPois:     It protects you from poison.
   Rampage:   It bestows one free step when moving towards enemies.
Jewellery
 f - an amulet of the acrobat (around mantle)
 g - a ring of willpower (left tentacle)
Scrolls
 b - 2 scrolls of teleportation {unknown}
 c - 2 scrolls of identify {unknown}
 e - a scroll of amnesia {unknown}
 j - a scroll of blinking {unknown}
 m - a scroll of poison {unknown}
Potions
 a - 2 potions of magic
 h - 2 potions of heal wounds {unknown}
 i - a potion of curing {unknown}
 k - 2 potions of brilliance {unknown}
 l - a potion of ambrosia {unknown}


   Skills:
 - Level 2.0 Dodging
 - Level 2.7 Stealth
 - Level 2.0 Spellcasting
 + Level 5.7 Conjurations


You had 6 spell levels left.
You knew the following spells:

 Your Spells              Type           Power      Damage    Failure   Level
a - Magic Dart            Conj           100%       1d8       1%          1

Your spell library contained the following spells:

 Spells                   Type           Power      Damage    Failure   Level
 Searing Ray              Conj           54%        2d6       1%          2
 Dazzling Flash           Conj/Hex       28%        N/A       13%         3
 Gell's Gravitas          Tloc           2%         N/A       38%         3
 Lesser Beckoning         Tloc           2%         N/A       38%         3
 Teleport Other           Tloc           2%         N/A       38%         3
 Fulminant Prism          Conj/Hex       7%         3d7       38%         4
 Iskenderun's Mystic Bla  Conj/Tloc      14%        2d5       38%         4


Dungeon Overview and Level Annotations

Branches:
Dungeon (2/15)

Altars:


Innate Abilities, Weirdness & Mutations

You cannot wear most types of armour.
You are amphibious.
You can wear up to eight rings at the same time.
Your skin changes colour to match your surroundings (Stealth+).
Your rubbery body absorbs attacks. (AC +1, EV +1)
((You are camouflaged when in or above water. (Stealth+)))
You have tentacles for arms and can constrict up to eight enemies at once.


Message History

You can't see any susceptible monsters within range! (Use Z to cast anyway.) Key pressed, stopping explore.
You can't see any susceptible monsters within range! (Use Z to cast anyway.) Done exploring.
You can't see any susceptible monsters within range! (Use Z to cast anyway.)
You can't see any susceptible monsters within range! (Use Z to cast anyway.) Done exploring.
Key pressed, stopping explore.
You can't see any susceptible monsters within range! (Use Z to cast anyway.)
You can't see any susceptible monsters within range! (Use Z to cast anyway.) Done exploring.
Done exploring.
You can't see any susceptible monsters within range! (Use Z to cast anyway.)
You start putting on your amulet.
You continue putting on your amulet of the acrobat. x5
You finish putting on your amulet of the acrobat.
You feel ready to tumble and roll out of harm's way.
f - an amulet of the acrobat (around mantle)
g - a ring of willpower (left tentacle) This is a scroll of acquirement!
Something appears before you! Something appears before you!
Something appears before you!
You now have 2210 gold pieces (gained 2118).
You see here the +2 hat of the Battered Things {Rampage rElec rPois Int-5}.
Done exploring.
Done exploring.
You see here the +2 hat of the Battered Things {Rampage rElec rPois Int-5}.
d - the +2 hat of the Battered Things {Rampage rElec rPois Int-5} Done exploring.
Done exploring.
(D) Dungeon
Where to? (Enter - D:2, ? - help)
What level of the Dungeon? (default 1, ? - help)
Okay, then.
Save game and exit?
Welcome back, hikkokomori the Octopode Conjurer.
Game seed: 9845822215292249863 (custom seed) Press ? for a list of commands and other information.
Are you sure you want to abandon this character and quit the game? (Confirm with "yes".)

..................#
#..###.#
...###.####.......#
#......# #.###8.8#
#.......# #.######
#...##.## #.......# #...#
##..#8_8###############.#
#.###.##.....#.......#.#
#.# 8.8#####.#.#####.#.#
#.# #.##...#.#.#...#.#.#
#.###.#.##.....@<#.....#
#...#...####.#.#...#.###
#............#.#####.#
##...##########......<#
........# #########
........# .......[#
.......## .#####.#


There were no monsters in sight!

Vanquished Creatures
  3 adders (D:2)
  A gnoll (D:1)
  A worm (D:2)
  2 dart slugs (D:1)
  3 endoplasms
  A giant cockroach (D:1)
  2 goblins (D:1)
  3 hobgoblins (D:2)
  3 kobolds
  A quokka (D:1)
  4 ball pythons
  5 bats (D:1)
  2 frilled lizards
  3 rats
34 creatures vanquished.

Notes
Turn   | Place    | Note
-------+----------+-------------------------------------------
     0 | D:1      | hikkokomori the Octopode Conjurer began the quest for the
                  | Orb.
     0 | D:1      | Reached XP level 1. HP: 11/11 MP: 3/3
    54 | D:1      | Reached XP level 2. HP: 17/17 MP: 1/5
   622 | D:1      | Reached XP level 3. HP: 21/21 MP: 6/6
   639 | D:1      | Reached skill level 5 in Conjurations
  1295 | D:2      | Reached XP level 4. HP: 27/27 MP: 5/7
  1389 | D:2      | Found a faded altar of an unknown god.
  2052 | D:2      | Identified 3 scrolls of acquirement
  2052 | D:2      | Acquired the +2 hat of the Battered Things {Rampage rElec
                  | rPois Int-5}
  2053 | D:2      | Acquired 1026 gold pieces
  2054 | D:2      | Acquired 1092 gold pieces
  2066 | D:2      | Quit the game

Illustrated notes

Levels and vault maps discovered:
D:1:      giann_bridges, layout_basic
D:2:      layout_loops_cross, ebering_ecumenical_altar_hall

Skill      XL: |  1  2  3 |
---------------+----------+-----
Conjurations   | 5 |  5.7
Dodging        | |  2.0
Stealth        | |  2.7
Spellcasting   | |  2.0

Action                   |  1- 3 |  4- 6 || total
-------------------------+-------+-------++-------
Melee: Unarmed           |    64 |       ||    64
       Tentacles         |    16 |       ||    16
       Constrict         |    17 |       ||    17
       Punch             |     2 |       ||     2
 Cast: Magic Dart        |    14 |    17 ||    31
  Use: Scroll            |       |     3 ||     3
 Stab: Sleeping          |     8 |       ||     8
Armor: Skin              |    11 |       ||    11
Dodge: Dodged            |    42 |     1 ||    43
